 Dungeon Crawl Stone Soup version 0.30-a0-1006-g5d778dfbfc (webtiles) character file.

Game seed: 16657528477951477799

31470 protoss039 the Unseen (level 13, -2/80 HPs)
             Began as a Vampire Enchanter on Apr 5, 2023.
             Was a High Priest of Dithmenos.
             Slain by a reaper
             ... wielding a +4 scythe of protection
              (34 damage)
             ... in a Gauntlet.
             The game lasted 01:01:46 (16117 turns).

protoss039 the Unseen (Vampire Enchanter)          Turns: 16117, Time: 01:01:47

Health: -2/80      AC: 16    Str:  7    XL:     13   Next: 26%
Magic:  20/23      EV: 20    Int: 23    God:    Dithmenos [*****.]
Gold:   1013       SH:  5    Dex: 20    Spells: 8/26 levels left

rFire   + . .      SeeInvis +    P - +5 dagger (venom)
rCold   + + +      Faith    .    Z - +0 buckler
rNeg    + + +      Spirit   .    W - +3 acid dragon scales
rPois   ∞          Reflect  .    G - +0 helmet
rElec   .          Rampage  .    Y - scarf {rC+ rF+}
rCorr   +          NoTele   +    I - +1 Delatra's gloves {ID++}
Will    +....                    S - +2 pair of boots {Stlth+} Stlth *****+++++
                                 (no amulet)
HPRegen 0.00/turn                h - +6 ring of intelligence
MPRegen 0.18/turn                X - +5 ring of evasion

@: confusing by touch, bloodless, inhibited regen, wreathed by umbra, invisible
A: bloodless, fangs 3, see invisible, vampiric 2
a: Bat Form, Revivify, Renounce Religion, Shadow Step, Shadow Form


You were in a Gauntlet.
You worshipped Dithmenos.
Dithmenos was extremely pleased with you.
You visited 2 branches of the dungeon, and saw 16 of its levels.
You also visited: Sewer, Gauntlet and Ice Cave.

You collected 1516 gold pieces.
You spent 503 gold pieces at shops.

Inventory:

Hand Weapons
 p - a +5 hand axe of freezing
 x - a +5 hand axe of flaming
 P - a +5 dagger of venom (weapon)
Missiles
 i - 28 poisoned darts (quivered)
 L - 3 throwing nets
 V - 2 curare-tipped darts
Armour
 a - a +0 kite shield
 n - a +1 ring mail of fire resistance
 D - a +0 cloak
 G - a +0 helmet (worn)
 I - the +1 Delatra's gloves (worn) {ID++}
   (You found it on level 5 of the Dungeon)

   ID++:      It heals its wearer when they drink unknown potions, and restores
   their MP when they read unknown scrolls.
 N - a scarf of invisibility
 S - a +2 pair of boots of stealth (worn)
 W - +3 acid dragon scales (worn)
 Y - a scarf of resistance (worn)
 Z - a +0 buckler (worn)
Jewellery
 h - a +6 ring of intelligence (left hand)
 t - a ring of flight
 K - a +4 ring of protection
 X - a +5 ring of evasion (right hand)
Wands
 g - a wand of mindburst (19)
 r - a wand of light (9)
 v - a wand of flame (41)
 E - a wand of iceblast (38)
 M - a wand of polymorph (5)
 T - a wand of charming (8)
Scrolls
 b - a scroll of summoning {unknown}
 d - 3 scrolls of immolation
 f - a scroll of acquirement {unknown}
 l - 3 scrolls of fear
 u - 8 scrolls of teleportation
 w - 4 scrolls of blinking
 y - 4 scrolls of magic mapping {unknown}
 z - 3 scrolls of amnesia
 C - 5 scrolls of poison
 J - 2 scrolls of fog {unknown}
 O - a scroll of brand weapon {unknown}
Potions
 c - 2 potions of invisibility
 e - 5 potions of magic {unknown}
 j - 3 potions of brilliance
 k - 6 potions of cancellation
 m - 3 potions of mutation {unknown}
 o - 3 potions of ambrosia {unknown}
 q - 4 potions of curing
 s - 3 potions of might
 A - 3 potions of lignification {unknown}
 F - 3 potions of attraction {unknown}
 H - 2 potions of haste {unknown}
 Q - a potion of heal wounds
 R - a potion of flight
 U - a potion of berserk rage {unknown}
Miscellaneous
 B - a lightning rod (4/4)


   Skills:
 * Level 8.8 Fighting
 - Level 6.0 Short Blades
 - Level 3.0 Throwing
 + Level 4.9 Armour
 + Level 7.5 Dodging
 * Level 15.0 Stealth
 + Level 1.4 Shields
 + Level 7.2 Spellcasting
 - Level 3.0 Conjurations
 - Level 9.0 Hexes
 - Level 3.0 Ice Magic
 - Level 3.0 Air Magic
 + Level 4.2 Poison Magic
 * Level 7.1 Invocations
 - Level 3.0 Evocations


You had 8 spell levels left.
You knew the following spells:

 Your Spells              Type           Power      Damage    Failure   Level
a - Ensorcelled Hibernat  Hex/Ice        70%        N/A       2%          2
b - Confusing Touch       Hex            49%        N/A       1%          3
c - Tukima's Dance        Hex            49%        N/A       1%          3
d - Dazzling Flash        Conj/Hex       70%        N/A       4%          3
e - Mephitic Cloud        Conj/Pois/Air  24%        N/A       13%         3
f - Olgreb's Toxic Radia  Pois           28%        N/A       30%         4

Your spell library contained the following spells:

 Spells                   Type           Power      Damage    Failure   Level
 Magic Dart               Conj           88%        1d7       5%          1
 Poisonous Vapours        Pois/Air       50%        N/A       6%          2
 Sting                    Tmut/Pois      72%        1d6       8%          1
 Ozocubu's Armour         Ice            22%        N/A       16%         3
 Spider Form              Tmut/Pois      18%        N/A       22%         3
 Call Imp                 Summ           8%         N/A       26%         2
 Sublimation of Blood     Necr           8%         N/A       26%         2
 Anguish                  Hex/Necr       14%        N/A       28%         4
 Metabolic Englaciation   Hex/Ice        17%        N/A       38%         5
 Manifold Assault         Tloc           8%         N/A       87%         4
 Petrify                  Tmut/Erth      8%         N/A       87%         4
 Irradiate                Conj/Tmut      7%         3d14      95%         5
 Blade Hands              Tmut           4%         N/A       99%         5
 Dispersal                Tloc           4%         N/A       100%        6
 Simulacrum               Ice/Necr       7%         N/A       100%        6
 Dragon Form              Tmut           4%         N/A       100%        7
 Disjunction              Tloc           4%         N/A       100%        8


Dungeon Overview and Level Annotations

Branches:
Dungeon (15/15) Zot: 26846  Temple (1/1) D:6 Zot: 5846    Lair (0/5) D:11
    Orc (0/2) D:9          Vaults (0/5) D:13          Sewer (visited)
  IceCv (visited)         Gauntlet (1/1) Zot: 5447
 Depths: D:15

Altars:
Ashenzari
Cheibriados
Dithmenos
Fedhas
Gozag
Hepliaklqana
Kikubaaqudgha
Makhleb
Nemelex Xobeh
Okawaru
Qazlal
Ru
Sif Muna
Trog
Uskayaw
Vehumet
Wu Jian
Xom
Yredelemnul

Shops:
D:4 ?   D:5 [   D:9 *   D:10 !

Annotations:
D:4 Dowan, Duvessa
D:14 exclusion: boulder beetle, Josephine Gauntlet 9 transporters, 2 runed translucent doors, exclusion: orange crystal statue


Innate Abilities, Weirdness & Mutations

You do not regenerate when monsters are visible.
You are frail without blood (-20% HP).
You can heal yourself when you bite living creatures.
You are immune to poison.
You have razor-sharp teeth.
You have supernaturally acute eyesight. (SInv)
You are afflicted with vampirism and can become a bat while bloodless.


Message History

Your shadow hits the reaper but does no damage.
Unknown command.
Press: ? - help, v - describe, . - travel
Here: a reaper, wielding a +4 scythe of protection (very poisoned, umbra)
The floor.
Casting: Confusing Touch (safe; 1% risk of failure)
Confirm with . or Enter, or press ? or * to list all spells.
Aiming: Tukima's Dance (safe; 1% risk of failure)
Press: ? - help, Shift-Dir - straight line, f - reaper
Aim: a reaper, wielding a +4 scythe of protection (very poisoned, umbra, chance to affect: 10%)
Okay, then.
Casting: Tukima's Dance (safe; 1% risk of failure)
Confirm with . or Enter, or press ? or * to list all spells.
Your hands begin to glow red.
The reaper hits you with a +4 scythe of protection!
Unknown command.
You closely miss the reaper. You block the reaper's attack.
Unknown command.
You hit the reaper but do no damage. You block the reaper's attack.
You hit the reaper but do no damage. You bite the reaper, but do no damage.
The reaper is lightly wounded.
The reaper hits you with a +4 scythe of protection!!
You emit a cloud of dark smoke.
Unknown command.
You hit the reaper but do no damage. Your bite misses the reaper.
The reaper is lightly wounded.
Your shadow hits the reaper but does no damage.
The reaper closely misses you.
Unknown command.
You hit the reaper but do no damage. You bite the reaper, but do no damage.
The reaper is lightly wounded.
Unknown command.
You hit the reaper but do no damage. Your bite misses the reaper.
The reaper is lightly wounded.
Your shadow closely misses the reaper.
The reaper hits you but does no damage.
Unknown command.
You hit the reaper but do no damage.
The reaper is lightly wounded.
The reaper hits you with a +4 scythe of protection!!
You die...

≈.PP.♣.#.####..#...#≈#≈#P..#.#).#
≈.PP...#..(©...#...P.P.P...#.#.©!
#.P♣.#############..P♣P..########
≈....#©....©....©#.......#©....©.
≈.###################.###########
≈.###...###.#.##.##.#.##.#.#.##.#
#.###...###.##..#4§##.#.#.#.#.#.#
≈.#..##+..#.##§##2###.##.#.#.##.#
≈.#..#©#..#.#.#§@#§.#.#.#8#©#.#.#
≈.#."+##..#.###§##.##.##.#.#.##.#
#.###2!.###.#§§#..#=#.#.#.#[#.#.#
≈.####©####.#!##©##[#.##)#©#$##.#
≈.#########.#########.#########.#
≈................................
#.P♣..P♣..P♣..P♣P..........♣...♣.
≈................P...∩...PP......
≈≈#≈≈≈#≈≈≈#≈≈≈#..♣P.....P♣..#≈≈≈#


You could see a reaper (poisoned) and a hellwing (unable to see you).

Vanquished Creatures
  An ironbound preserver (D:13)
  Nessos (D:12)
  Azrael (D:12)
  5 two-headed ogres
  A centaur warrior (D:13)
  4 boulder beetles
  A tengu warrior (D:13)
  The ghost of UltrafastDeath the Covert, a journeyman SpHs of Okawaru (D:12)
  Lodul (D:11)
  Pikel (D:6)
  A deep elf pyromancer (D:13)
  3 ugly things
  3 cyclopes
  A manticore (D:13)
  An ice statue (IceCv)
  2 rime drakes (D:12)
  3 kobold demonologists
  An unseen horror (D:13)
  A freezing wraith (IceCv)
  A tengu conjurer (D:12)
  An ice devil (IceCv)
  3 trolls
  A slime creature (D:13)
  4 shadows
  2 centaur simulacra (Gauntlet)
  A slime creature (shapeshifter) (D:12)
  21 yaks
  2 wraiths
  2 wyverns
  3 basilisks
  2 humans (D:11)
  2 death yak simulacra (IceCv)
  Edmund (D:5)
  3 acid dragons
  2 vampire mosquitoes (D:13)
  A harpy simulacrum (IceCv)
  A water moccasin (D:6)
  4 hell hounds
  2 sky beasts
  3 ice beasts
  7 orc warriors (D:9)
  2 black bears
  11 ogres
  11 centaurs
  A lemure (D:6)
  2 phantoms
  4 kobold brigands
  4 bullfrogs
  4 gnoll sergeants
  8 two-headed ogre simulacra (IceCv)
  3 scorpions
  2 cane toad simulacra
  12 wights
  2 elephant simulacra (IceCv)
  3 killer bees (D:9)
  2 electric eels (D:9)
  5 howler monkeys
  6 jellies
  5 hounds
  8 orc priests
  Crazy Yiuf (D:4)
  3 gnoll boudas
  A sleepcap (D:5)
  Jessica (D:3)
  An iguana (D:6)
  11 orc wizards
  4 polar bear simulacra (IceCv)
  2 troll simulacra (IceCv)
  6 spriggan simulacra (IceCv)
  4 wolf simulacra (IceCv)
  30 gnolls
  7 adders
  3 naga simulacra (IceCv)
  A river rat (Sewer)
  A shadow imp (Gauntlet)
  8 white imps
  4 ufetubi (IceCv)
  3 worms
  6 dart slugs
  24 orcs
  16 endoplasms
  7 giant cockroaches
  5 goblins
  5 hobgoblins
  2 jackals (D:1)
  29 kobolds
  10 quokkas
  11 ball pythons
  5 bats
  5 frilled lizards
  4 rats
417 creatures vanquished.

Vanquished Creatures (others)
  13 plants (D:11)
  A withered plant (D:1)
14 creatures vanquished.

Grand Total: 431 creatures vanquished

Notes
Turn   | Place    | Note
-------+----------+-------------------------------------------
     0 | D:1      | protoss039 the Vampire Enchanter began the quest for the
                  | Orb.
     0 | D:1      | Reached XP level 1. HP: 13/13 MP: 3/3
   177 | D:1      | Reached XP level 2. HP: 13/20 MP: 5/5
   185 | D:1      | Learned a level 2 spell: Ensorcelled Hibernation
   281 | D:1      | Reached skill level 1 in Fighting
   496 | D:1      | Reached skill level 5 in Stealth
   503 | D:1      | Gained mutation: You are afflicted with vampirism and can
                  | become a bat while bloodless. [Vampire growth]
   503 | D:1      | Reached XP level 3. HP: 26/26 MP: 6/6
   586 | D:1      | Found a faded altar of an unknown god.
   955 | D:1      | Learned a level 3 spell: Confusing Touch
  1343 | D:2      | Found a basalt altar of Yredelemnul.
  1647 | D:2      | Reached XP level 4. HP: 32/32 MP: 7/7
  1937 | D:3      | Noticed Jessica
  1940 | D:3      | Killed Jessica
  2167 | D:3      | Reached XP level 5. HP: 32/38 MP: 3/8
  2539 | D:3      | Found a blossoming altar of Fedhas.
  2736 | D:3      | Learned a level 3 spell: Tukima's Dance
  2755 | D:4      | Found Pulil's Magic Scroll Shop.
  2859 | D:4      | Noticed Duvessa
  2859 | D:4      | Noticed Dowan
  3017 | D:4      | Reached skill level 1 in Ice Magic
  3117 | D:4      | Reached skill level 1 in Armour
  3123 | D:4      | Reached skill level 6 in Stealth
  3123 | D:4      | Reached skill level 5 in Hexes
  3342 | D:4      | Found a runed translucent door.
  3343 | D:4      | Noticed Crazy Yiuf
  3417 | D:4      | Bought a scroll of amnesia for 40 gold pieces
  3417 | D:4      | Bought a scroll of teleportation for 30 gold pieces
  3417 | D:4      | Bought a scroll of identify for 20 gold pieces
  3597 | D:4      | Killed Crazy Yiuf
  3664 | D:5      | Entered Level 5 of the Dungeon
  3721 | D:5      | Noticed a centaur
  3726 | D:5      | Killed a centaur
  3727 | D:5      | Reached XP level 6. HP: 36/36 MP: 9/9
  3793 | D:5      | Found Utomni's Armour Boutique.
  4002 | D:5      | Reached XP level 7. HP: 40/40 MP: 11/11
  4023 | D:5      | Learned a level 3 spell: Dazzling Flash
  4136 | D:5      | Reached skill level 7 in Stealth
  4142 | D:5      | Noticed Edmund
  4301 | D:5      | Found an ancient bone altar of Kikubaaqudgha.
  4399 | D:5      | Found a glowing drain.
  4412 | Sewer    | Entered a sewer
  4585 | Sewer    | Found a viscous altar of Jiyva.
  4843 | D:5      | Killed Edmund
  4844 | D:5      | Reached XP level 8. HP: 41/47 MP: 10/13
  5012 | D:5      | Found the +1 Delatra's gloves {ID++}
  5461 | D:4      | Reached skill level 8 in Stealth
  5467 | D:4      | Reached skill level 1 in Conjurations
  5838 | D:6      | Found a staircase to the Ecumenical Temple.
  5846 | Temple   | Entered the Ecumenical Temple
  5984 | Temple   | Became a worshipper of Dithmenos the Shadowed
  6272 | D:6      | Reached skill level 9 in Stealth
  6438 | D:6      | Reached XP level 9. HP: 52/52 MP: 9/15
  6587 | D:6      | Noticed Pikel
  6598 | D:6      | Killed Pikel
  6599 | D:6      | Reached skill level 1 in Invocations
  6961 | D:7      | Reached skill level 5 in Fighting
  6961 | D:7      | Reached skill level 5 in Spellcasting
  7054 | D:7      | Reached * piety under Dithmenos
  7061 | D:7      | Reached skill level 10 in Stealth
  7199 | D:7      | Noticed a two-headed ogre
  7208 | D:7      | Killed a two-headed ogre
  7209 | D:7      | Reached skill level 5 in Dodging
  7306 | D:7      | Identified the +8 scale mail of Curiosity {rF++ Will+ Str-2
                  | Stlth+}
  8145 | D:8      | Reached XP level 10. HP: 59/59 MP: 15/18
  8337 | D:8      | Noticed a two-headed ogre
  8347 | D:8      | Killed a two-headed ogre
  8689 | D:8      | Reached skill level 11 in Stealth
  9009 | D:9      | Reached ** piety under Dithmenos
  9187 | D:9      | Found a staircase to the Orcish Mines.
  9512 | D:9      | Reached skill level 1 in Evocations
  9674 | D:9      | Found Miteth's General Store.
  9835 | D:9      | Found a sacrificial altar of Ru.
  9872 | D:9      | Reached skill level 1 in Throwing
  9948 | D:9      | Learned a level 3 spell: Mephitic Cloud
  9993 | D:10     | Entered Level 10 of the Dungeon
 10071 | D:10     | Reached *** piety under Dithmenos
 10088 | D:10     | Reached XP level 11. HP: 66/66 MP: 12/20
 10145 | D:10     | Found Hune Sui's Distillery.
 10181 | D:10     | Bought a potion of heal wounds for 70 gold pieces
 10181 | D:10     | Bought a potion of flight for 42 gold pieces
 10288 | D:5      | Bought a +2 pair of boots of stealth for 301 gold pieces
 10531 | D:10     | Reached skill level 12 in Stealth
 10531 | D:10     | Reached skill level 1 in Air Magic
 10533 | D:10     | Reached skill level 1 in Poison Magic
 10770 | D:10     | Noticed a two-headed ogre
 10772 | D:10     | Killed a two-headed ogre
 10940 | D:10     | Found a radiant altar of Vehumet.
 11034 | D:11     | Noticed a boulder beetle
 11045 | D:11     | Killed a boulder beetle
 11113 | D:11     | Noticed Lodul
 11123 | D:11     | HP: 2/67 [Lodul/bolt of lightning (36)]
 11141 | D:10     | Reached **** piety under Dithmenos
 11146 | D:11     | Reached skill level 5 in Invocations
 11367 | D:11     | Learned a level 4 spell: Olgreb's Toxic Radiance
 11493 | D:11     | Killed Lodul
 11505 | D:11     | Found an iron altar of Okawaru.
 11585 | D:11     | Reached skill level 13 in Stealth
 11637 | D:11     | Found a staircase to the Lair.
 12029 | D:12     | Noticed a cyan ugly thing
 12038 | D:12     | Killed a cyan ugly thing
 12139 | D:12     | Noticed a two-headed ogre
 12150 | D:12     | Killed a two-headed ogre
 12151 | D:12     | Reached XP level 12. HP: 72/72 MP: 21/21
 12161 | D:12     | Noticed Azrael
 12427 | D:12     | Reached ***** piety under Dithmenos
 12451 | D:12     | Found a runed translucent door.
 12451 | D:12     | Noticed UltrafastDeath's ghost (journeyman SpHs)
 12509 | D:12     | Found a frozen archway.
 12528 | D:12     | Reached skill level 5 in Short Blades
 12539 | IceCv    | Entered an ice cave
 13130 | IceCv    | Identified the +0 plate armour "Rodelol" {rPois rC+ Regen+
                  | Str+2}
 13400 | IceCv    | Noticed a reaper
 13842 | D:12     | Killed Azrael
 13843 | D:12     | Reached skill level 14 in Stealth
 14155 | D:12     | Noticed Nessos
 14163 | D:12     | Killed Nessos
 14171 | D:12     | Noticed a boulder beetle
 14178 | D:12     | Killed a boulder beetle
 14383 | D:12     | Killed UltrafastDeath's ghost
 14536 | D:13     | Found a broken altar of Ashenzari.
 14631 | D:13     | Found a gate to the Vaults.
 14631 | D:13     | Noticed an ironbound preserver
 14631 | D:13     | Noticed a centaur warrior
 14904 | D:13     | Killed an ironbound preserver
 14905 | D:13     | Reached XP level 13. HP: 59/79 MP: 0/23
 14995 | D:13     | Reached skill level 1 in Shields
 15213 | D:13     | Identified the +0 leather armour "Buanwieq" {rPois rF-
                  | Dex+3 Slay+2}
 15428 | D:14     | Found a gate leading to a gauntlet.
 15428 | D:14     | You are sucked into a shaft and drop 1 floor!
 15428 | D:15     | Entered Level 15 of the Dungeon
 15544 | D:14     | Noticed Josephine
 15580 | Gauntlet | Entered a Gauntlet
 15580 | Gauntlet | Found a transporter.
 15754 | Gauntlet | Found a transporter.
 15754 | Gauntlet | Found a transporter.
 15767 | Gauntlet | Found a transporter.
 15768 | Gauntlet | Found a transporter.
 15771 | Gauntlet | Found a runed translucent door.
 15772 | Gauntlet | Noticed a blizzard demon
 15773 | Gauntlet | Found a runed translucent door.
 15775 | Gauntlet | Found a transporter.
 15797 | Gauntlet | Found a transporter.
 15806 | Gauntlet | Noticed a reaper
 15808 | Gauntlet | Found a transporter.
 15820 | Gauntlet | Found a transporter.
 15839 | Gauntlet | Found a transporter.
 15853 | Gauntlet | Found a transporter.
 15855 | Gauntlet | Found a transporter.
 15902 | Gauntlet | Found a transporter.
 15920 | Gauntlet | Found a transporter.
 16017 | Gauntlet | Reached skill level 15 in Stealth
 16117 | Gauntlet | Slain by a reaper

Illustrated notes

Levels and vault maps discovered:
D:1:      psy_arrival_heroes, layout_loops_ring,
          shapermc_ecumenical_altar_flowoftime, st_stairs_2
D:2:      layout_loops_cross, basic_altar
D:3:      minmay_wonky_spiral, layout_loops_cross, fedhas_altar_4,
          minmay_misc_feat_diagonals, uniq_jessica
D:4:      layout_cave_pods, serial_shops, nicolae_inconvenience_store,
          serial_bayou_pond_e, uniq_crazy_yiuf_cottage, uniq_duvessa
D:5:      layout_basic, marbit_many_paths, serial_shops,
          nicolae_shop_advertising_works [nicolae_subvault_shop_adworks],
          serial_corexii_hall, corexii_hall_statues_x, chequers_hall_statues_y,
          portal_sewer_entry_d, uniq_edmund
D:6:      layout_cave_pods, minmay_temple_entry_gardened_gates,
          grunt_ministairs_3, uniq_pikel
D:7:      layout_basic
D:8:      layout_gridville
D:9:      layout_roguey, nicolae_ru_great_annihilating_truth, erik_orc_2,
          serial_shops, kennysheep_little_box, kennysheep_generic_room_7
D:10:     layout_roguey, vehumet_altar_wand_db, serial_shops, shop_fountains
D:11:     layout_loops_ring, dpeg_oklobed_lair, okawaru_humans, uniq_lodul
D:12:     hangedman_cross_stitches, layout_stronghold,
          ebering_ghost_reflecting_pool, portal_ice_cave_rime, uniq_nessos,
          uniq_azrael
D:13:     layout_small_grid, skrybe_vaults_entry_preservation,
          evilmike_ruin_ashenzari
D:14:     layout_rooms, gauntlet_entry_generic, infiniplex_staircase_diamond,
          serial_park_tiny_pond, uniq_josephine, uniq_kirke
D:15:     grunt_enter_depths_snipers, layout_cave_pools,
          dreamdust_mushroom_princess
Temple:   nicolae_temple_bog_church
Gauntlet: minmay_gauntlet_77_tree [minmay_gauntlet_arena_77_chump_sandwich,
          minmay_gauntlet_arena_77_squiggly, minmay_gauntlet_arena_77_box,
          minmay_gauntlet_arena_77_braids, minmay_gauntlet_arena_77_checkered,
          minmay_gauntlet_arena_77_tiled_triplets,
          minmay_gauntlet_arena_77_cramped, dreamdust_gauntlet_exit_labyrinth]

Skill      XL: |  1  2  3  4  5  6  7  8  9 10 11 12 13 |
---------------+----------------------------------------+-----
Fighting       | 1 2 3 4 5 6 7 8 |  8.8
Stealth        | 5 6 7 9 10 11 13 14 15 | 15.0
Short Blades   | 2 3 4 6 |  6.0
Ice Magic      | 1 2 3 |  3.0
Armour         | 1 2 3 4 |  4.9
Hexes          | 5 6 7 8 9 |  9.0
Dodging        | 3 4 5 6 7 |  7.5
Spellcasting   | 3 4 5 6 7 |  7.2
Conjurations   | 1 2 3 |  3.0
Invocations    | 2 4 5 6 7 |  7.1
Evocations     | 1 2 3 |  3.0
Throwing       | 1 2 3 |  3.0
Air Magic      | 3 |  3.0
Poison Magic   | 2 4 |  4.2
Shields        | 1 |  1.4

Action                     |  1- 3 |  4- 6 |  7- 9 | 10-12 | 13-15 || total
---------------------------+-------+-------+-------+-------+-------++-------
  Melee: Dagger            |   110 |    76 |   164 |   574 |    67 ||   991
         Bite              |     6 |     9 |    16 |    85 |    14 ||   130
         Punch             |     1 |     2 |     2 |    10 |       ||    15
   Cast: Ensorcelled Hiber |    18 |    20 |    63 |   152 |     4 ||   257
         Confusing Touch   |       |     2 |     9 |    33 |    11 ||    55
         Dazzling Flash    |       |       |     1 |       |       ||     1
         Tukima's Dance    |       |       |       |     3 |       ||     3
Ability: Exsanguinate      |       |     1 |       |       |       ||     1
  Evoke: Wand              |       |       |     2 |       |     1 ||     3
    Use: Potion            |     1 |       |     2 |     2 |     5 ||    10
         Scroll            |       |     4 |     4 |    13 |     2 ||    23
   Stab: Invisible         |     2 |       |       |       |     1 ||     3
         Sleeping          |    25 |    32 |    80 |   158 |     5 ||   300
         Confused          |       |     2 |     9 |    26 |     6 ||    43
         Distracted        |       |       |       |     2 |       ||     2
 Armour: Robe              |    17 |     6 |    26 |    62 |       ||   111
         Acid dragon scale |       |       |       |   118 |    29 ||   147
  Dodge: Dodged            |    67 |    21 |   154 |   477 |    51 ||   770
  Block: Buckler           |       |       |       |    11 |    13 ||    24

Table legend: (Time is in decaauts)
 A = Elapsed time spent in this place.
 B = Non-inter-level travel time spent in this place.
 C = Inter-level travel time spent in this place.
 D = Time resting spent in this place.
 E = Time spent auto-exploring this place.
 F = Levels seen in this place.
 G = Mean time per level.
                   A        B        C        D        E       F      G
               +--------+--------+--------+--------+--------+-----+--------+
         Total |  15973 |  14982 |    991 |   1840 |   8515 |  19 |  840.7 |
       Dungeon |  13787 |  12828 |    959 |   1129 |   8053 |  15 |  919.1 |
        Temple |    153 |    121 |     32 |      0 |    105 |   1 |  153.0 |
         Sewer |    396 |    396 |      0 |    189 |      0 |   1 |  396.0 |
      Ice Cave |   1084 |   1084 |      0 |    488 |      0 |   1 | 1084.0 |
      Gauntlet |    551 |    551 |      0 |     34 |    357 |   1 |  551.0 |
               +--------+--------+--------+--------+--------+-----+--------+

Top non-repeatable levels by time:
     D:5: 1460 daAuts
    D:12: 1441 daAuts
     D:4: 1230 daAuts
     D:9: 1160 daAuts
   IceCv: 1084 daAuts
     D:6: 1028 daAuts
     D:1: 1019 daAuts
     D:7: 983 daAuts
     D:8: 980 daAuts
    D:10: 956 daAuts
    D:11: 934 daAuts
     D:3: 874 daAuts
     D:2: 836 daAuts
    D:13: 761 daAuts
Gauntlet: 551 daAuts
